 Dungeon Crawl Stone Soup version 0.29.1-15-g9cfb28693d (webtiles) character file.

Game seed: 11005141603184501642

26635 Eitelfritz the Grappler (level 13, -6/116 (118) HPs)
             Began as a Troll Fighter on Mar 25, 2023.
             Was an Elder of Dithmenos.
             Mangled by a troll (8 damage)
             ... led by an orc high priest
             ... on level 1 of the Orcish Mines.
             The game lasted 00:33:28 (10865 turns).

Eitelfritz the Grappler (Troll Fighter)            Turns: 10865, Time: 00:33:28

HP:   -6/116 (118)  AC: 14    Str: 30    XL:     13   Next: 0%
MP:   12/12         EV: 10    Int:  8    God:    Dithmenos [****..]
Gold: 765           SH: 10    Dex:  9    Spells: 12/12 levels left

rFire   + . .      SeeInvis +     - Unarmed
rCold   . . .      Faith    .   u - +0 kite shield
rNeg    + + .      Spirit   .   q - +4 troll leather armour
rPois   .          Reflect  .   j - +1 hat "Yppais" {rN++ Str+3 SInv}
rElec   .          Harm     .   r - +1 cloak
rCorr   .          Rampage  .   (gloves unavailable)
Will    .....                   (boots unavailable)
Stlth   ++........              H - amulet of the acrobat
HPRegen 1.89/turn               v - ring of protection from fire
MPRegen 0.13/turn               B - ring of flight

@: about to teleport, spiked, flying, wreathed by umbra, lightly drained
A: large, unfitting armour, claws 3, regeneration 1, shaggy fur 1, tough skin 1
a: Renounce Religion, Shadow Step


You were on level 1 of the Orcish Mines.
You worshipped Dithmenos.
Dithmenos was greatly pleased with you.
You visited 3 branches of the dungeon, and saw 15 of its levels.
You also visited: Bailey.

You collected 945 gold pieces.
You spent 180 gold pieces at shops.

Inventory:

Hand Weapons
 a - a +0 sling
 b - a +1 morningstar of flaming
 z - a +0 shortbow of venom
 O - the +1 flail of the Fox {vamp, rC+}
   (You found it on level 10 of the Dungeon)

   It occasionally heals its wielder for a portion of the damage dealt when it
   wounds a living foe.
   rC:        It protects you from cold.
Missiles
 i - 5 boomerangs
 l - 40 poisoned darts
 C - 31 large rocks (quivered)
Armour
 j - the +1 hat "Yppais" (worn) {rN++ Str+3 SInv}
   (You acquired it on level 5 of the Dungeon)

   Str:       It affects your strength (+3).
   rN:        It greatly protects you from negative energy.
   SInv:      It lets you see invisible.
 q - a +4 troll leather armour (worn)
 r - a +1 cloak (worn)
 u - a +0 kite shield (worn)
 P - +0 acid dragon scales
Jewellery
 v - a ring of protection from fire (left claw)
 B - a ring of flight (right claw)
 H - an amulet of the acrobat (around neck)
 J - a +6 ring of dexterity
 K - a ring of magical power
Wands
 c - a wand of roots (9)
 s - a wand of digging (10)
 I - a wand of flame (23)
 N - a wand of mindburst (3)
 Q - a wand of light (6)
Scrolls
 f - 3 scrolls of poison
 h - 3 scrolls of magic mapping
 n - 3 scrolls of immolation
 y - 4 scrolls of teleportation
 L - a scroll of amnesia
 R - 3 scrolls of identify
Potions
 d - 2 potions of heal wounds
 e - 4 potions of curing
 g - 3 potions of cancellation
 k - 5 potions of attraction {unknown}
 m - 4 potions of haste
 o - 2 potions of lignification
 p - 4 potions of flight {unknown}
 t - 2 potions of invisibility
 w - 4 potions of mutation
 A - 2 potions of berserk rage {unknown}
 D - a potion of brilliance {unknown}
 E - 3 potions of magic
 F - 4 potions of might
 G - a potion of resistance {unknown}
 M - 4 potions of ambrosia {unknown}


   Skills:
 + Level 5.2 Fighting
 * Level 4.8 Maces & Flails
 + Level 0.1 Throwing
 + Level 5.0 Armour
 + Level 8.0 Dodging
 + Level 1.5 Stealth
 + Level 9.7 Shields
 + Level 14.4 Unarmed Combat


You had 12 spell levels left.
You didn't know any spells.
Your spell library contained the following spells:

 Spells                   Type           Power      Damage    Failure   Level
 Apportation              Tloc           0%         N/A       65%         1
 Beastly Appendage        Tmut           0%         N/A       65%         1
 Freeze                   Ice            0%         1d3       65%         1
 Magic Dart               Conj           0%         1d3       65%         1
 Necrotise                Necr           0%         1d4       65%         1
 Sandblast                Erth           0%         2d4       65%         1
 Summon Small Mammal      Summ           0%         N/A       65%         1
 Passwall                 Tmut/Erth      0%         N/A       80%         2
 Scorch                   Fire           0%         2d5       80%         2
 Searing Ray              Conj           0%         2d4       80%         2
 Wereblood                Tmut           0%         N/A       80%         2
 Conjure Flame            Conj/Fire      0%         6-21      95%         3
 Frozen Ramparts          Ice            0%         1d1       95%         3
 Spider Form              Tmut/Pois      0%         N/A       95%         3
 Stone Arrow              Conj/Erth      0%         3d7       95%         3
 Airstrike                Air            0%         2d(0-16)  100%        4
 Corpse Rot               Necr/Pois/Air  0%         N/A       100%        4
 Dispel Undead            Necr           0%         3d6       100%        4
 Flame Wave               Conj/Fire      0%         2d4       100%        4
 Fulminant Prism          Conj/Hex       0%         3d6       100%        4
 Hailstorm                Conj/Ice       0%         3d3       100%        4
 Iskenderun's Mystic Bla  Conj/Tloc      0%         2d3       100%        4
 Summon Lightning Spire   Summ/Air       0%         N/A       100%        4
 Lightning Bolt           Conj/Air       0%         1d11      100%        5
 Death Channel            Necr           0%         N/A       100%        6
 Malign Gateway           Summ/Tloc      0%         N/A       100%        7


Dungeon Overview and Level Annotations

Branches:
Dungeon (13/15)            Temple (1/1) D:7            Lair (0/5) D:10
    Orc (1/2) D:11         Vaults (0/5) D:13         Bailey (visited)

Altars:
Ashenzari
Cheibriados
Dithmenos
Elyvilon
Fedhas
Gozag
Hepliaklqana
Kikubaaqudgha
Makhleb
Nemelex Xobeh
Okawaru
Qazlal
Ru
Sif Muna
Trog
Uskayaw
Vehumet
Wu Jian
Xom
Yredelemnul
Zin
The Shining One
Lugonu

Shops:
D:1 :   D:4 [


Innate Abilities, Weirdness & Mutations

You are too large for most types of armour.
You have claws for hands.
Your natural rate of healing is unusually fast.
You are covered in fur. (AC +1)
You have tough skin. (AC +1)


Message History

Unknown command.
There are monsters nearby!
You feel much better.
The orc sorcerer hits you with a +0 dagger.
The troll barely misses you. x2; The troll claws you.
The orc wizard hits you but does no damage.
The orc sorcerer hits you but does no damage.
An orc comes into view. It is wielding a +0 short sword.
The hellwing hits you but does no damage.
You block the hellwing's attack.
The ice devil hits you but does no damage.
You feel much better.
The orc sorcerer gestures at you while chanting.
The bolt of fire hits you! You resist.
The bolt of fire hits the orc wizard!!
The orc wizard dies!
The bolt of fire hits the rust devil.
The rust devil completely resists.
You block the troll's attack. The troll claws you.
The troll completely misses you.
The orc sorcerer shouts, "You can't withstand my power!"
You block the orc sorcerer's attack.
The red devil hits you from afar with a +0 trident.
Barbed spikes become lodged in your body.
The sixfirhy hits you. The sixfirhy shocks you!
The hellwing hits you but does no damage. x2
The ice devil hits you!
* * * LOW HITPOINT WARNING * * *
The ice devil freezes you!!
* * * LOW HITPOINT WARNING * * *
The orc shouts!
Unknown command.
You feel much better. You block the sixfirhy's attack. The sixfirhy hits you!
* * * LOW HITPOINT WARNING * * *
The sixfirhy shocks you!
* * * LOW HITPOINT WARNING * * *
The sixfirhy hits you.
* * * LOW HITPOINT WARNING * * *
The sixfirhy shocks you!
* * * LOW HITPOINT WARNING * * *
The troll bites you!
You die...

...# ..... ....##
##.......#
..o...##........#
.$................
#..o........_.....
##.......##.........
......o4..#.....$...
#...3o43o4.........
....#ooT@.......$.#
. ###o44......#
##.......##
#....$..#
##......###
#.........##
##.#..........##
##.....##.......##
#.....###........#


You could see a soul eater (summoned), an orc high priest, a hellwing
(summoned), an ice devil (summoned), a rust devil (summoned), a troll, a
sixfirhy (summoned), a chaos spawn (summoned), 3 orc sorcerers, a red devil
(summoned), an orc warrior, an orc wizard and 2 orcs.

Vanquished Creatures
  3 hydras
  A boulder beetle (D:12)
  3 two-headed ogres
  2 centaur warriors (D:12)
  2 dancing weapons (D:13)
  A deep elf pyromancer (D:12)
  2 ugly things
  8 cyclopes
  An elephant (D:10)
  2 manticores (D:12)
  A gargoyle (D:9)
  3 unseen horrors
  A yaktaur (D:12)
  4 trolls
  3 slime creatures (D:13)
  A vampire (D:12)
  A wyvern (D:10)
  34 yaks
  3 shadows
  A wraith (D:9)
  A basilisk (D:12)
  3 steam dragons
  6 vampire mosquitoes
  An acid dragon (D:11)
  3 water moccasins
  Duvessa (D:4)
  2 orc warriors
  4 black bears
  An ice beast (D:6)
  15 centaurs
  2 ogres (D:6)
  A phantom (D:6)
  A kobold brigand (D:8)
  4 bullfrogs
  3 necrophages
  2 scorpions (D:5)
  Dowan (D:4)
  12 killer bees
  A vampire bat (D:4)
  2 howler monkeys
  2 electric eels (D:10)
  3 hounds
  3 jellies
  3 orc priests
  2 gnoll boudas
  3 iguanas
  Ijyb (D:3)
  Natasha (thrice) (D:3)
  7 orc wizards
  Robin (D:3)
  16 gnolls
  9 adders
  A shadow imp (D:5)
  2 white imps
  8 ufetubi
  3 worms
  A dart slug (D:2)
  3 fire bats (D:4)
  44 orcs
  2 spectral bats (D:4)
  7 ball pythons
  3 bat skeletons (D:4)
  A bat zombie (D:4)
  5 endoplasms
  5 giant cockroaches
  14 hobgoblins
  3 jackals (D:2)
  16 kobolds
  5 quokkas
  16 bats
  A bat simulacrum (D:4)
  16 goblins
  9 rats
  A bush (D:9)
362 creatures vanquished.

Vanquished Creatures (others)
  An orc wizard (Orc:1)
  2 fungi (D:10)
3 creatures vanquished.

Grand Total: 365 creatures vanquished

Notes
Turn   | Place    | Note
-------+----------+-------------------------------------------
     0 | D:1      | Eitelfritz the Troll Fighter began the quest for the Orb.
     0 | D:1      | Reached XP level 1. HP: 22/22 MP: 0/0
   199 | D:1      | Reached XP level 2. HP: 29/29 MP: 1/1
   234 | D:1      | Found Fagizi's Book Boutique.
   888 | D:2      | Reached XP level 3. HP: 36/36 MP: 2/2
  1096 | D:2      | Found a snail-covered altar of Cheibriados.
  1222 | D:2      | Reached skill level 3 in Unarmed Combat
  1222 | D:2      | Reached XP level 4. HP: 29/44 MP: 3/3
  1515 | D:2      | Found a faded altar of an unknown god.
  1824 | D:3      | Found a sacrificial altar of Ru.
  1892 | D:3      | Noticed Ijyb
  1899 | D:3      | Killed Ijyb
  1900 | D:3      | Reached XP level 5. HP: 52/52 MP: 4/4
  1957 | D:3      | Reached skill level 4 in Unarmed Combat
  1992 | D:3      | Noticed Natasha
  2003 | D:3      | Killed Natasha
  2054 | D:3      | Noticed Robin
  2068 | D:3      | Killed Robin
  2185 | D:3      | Noticed Natasha
  2194 | D:3      | Killed Natasha
  2491 | D:3      | Noticed Natasha
  2502 | D:3      | Killed Natasha
  2503 | D:3      | Reached XP level 6. HP: 52/59 MP: 5/5
  2574 | D:3      | Found a shimmering altar of Xom.
  2574 | D:3      | Found a sparkling altar of Nemelex Xobeh.
  2772 | D:4      | Noticed Duvessa
  2779 | D:4      | Noticed Dowan
  2894 | D:4      | Killed Duvessa
  2895 | D:4      | Reached skill level 5 in Unarmed Combat
  2909 | D:4      | HP: 2/59 [Dowan/shard of ice (14)]
  2911 | D:4      | Killed Dowan
  3127 | D:4      | Reached XP level 7. HP: 57/66 MP: 6/6
  3228 | D:4      | Found Fecisomo's Armour Emporium.
  3236 | D:4      | Bought a +0 troll leather armour for 180 gold pieces
  3308 | D:4      | Found a bloodstained altar of Trog.
  3647 | D:4      | Reached skill level 1 in Armour
  3880 | D:5      | Entered Level 5 of the Dungeon
  4086 | D:5      | Reached skill level 6 in Unarmed Combat
  4114 | D:5      | Reached XP level 8. HP: 58/75 MP: 7/7
  4206 | D:5      | Reached skill level 7 in Unarmed Combat
  4256 | D:5      | Reached skill level 5 in Shields
  4284 | D:5      | Found an ancient bone altar of Kikubaaqudgha.
  4510 | D:5      | Identified a scroll of acquirement
  4510 | D:5      | Acquired the +1 hat "Yppais" {rN++ Str+3 SInv}
  4680 | D:6      | Found the +9 sword of Zonguldrok {reap}
  4684 | D:6      | Reached XP level 9. HP: 83/83 MP: 8/8
  4726 | D:6      | Reached skill level 8 in Unarmed Combat
  4951 | D:6      | Found a radiant altar of Vehumet.
  4953 | D:6      | Found a glowing silver altar of Zin.
  4953 | D:6      | Found an opulent altar of Gozag.
  4953 | D:6      | Found a shimmering blue altar of Sif Muna.
  4961 | D:6      | Found a snail-covered altar of Cheibriados.
  4966 | D:6      | Found a broken altar of Ashenzari.
  5122 | D:7      | Found a staircase to the Ecumenical Temple.
  5127 | D:7      | Reached skill level 5 in Dodging
  5158 | Temple   | Entered the Ecumenical Temple
  5190 | Temple   | Became a worshipper of Dithmenos the Shadowed
  5445 | D:7      | Noticed a two-headed ogre
  5459 | D:7      | Killed a two-headed ogre
  5460 | D:7      | Reached skill level 9 in Unarmed Combat
  5710 | D:7      | Found a basalt altar of Yredelemnul.
  6073 | D:8      | Noticed a +0 short sword
  6073 | D:8      | Noticed a +0 falchion
  6074 | D:8      | Noticed a +0 spear
  6075 | D:8      | Noticed a +0 spear
  6075 | D:8      | Noticed a +0 short sword
  6076 | D:8      | Noticed a +0 dagger
  6076 | D:8      | Noticed a +0 falchion
  6077 | D:8      | Found a hide-covered altar of Uskayaw.
  6077 | D:8      | Noticed a +0 dagger
  6099 | D:8      | Noticed a cyclops
  6111 | D:8      | Killed a cyclops
  6112 | D:8      | Reached skill level 1 in Stealth
  6112 | D:8      | Reached skill level 10 in Unarmed Combat
  6112 | D:8      | Reached XP level 10. HP: 87/91 MP: 9/9
  6146 | D:8      | Found a flagged portal.
  6185 | Bailey   | Entered a bailey
  6303 | Bailey   | Reached * piety under Dithmenos
  6792 | D:8      | Found an ornate altar of the Wu Jian Council.
  6967 | D:9      | Noticed a red ugly thing
  6968 | D:9      | Found a stormy altar of Qazlal.
  6982 | D:9      | Killed a red ugly thing
  7257 | D:9      | Reached ** piety under Dithmenos
  7258 | D:9      | Reached skill level 11 in Unarmed Combat
  7376 | D:9      | You fall into a shaft and drop 3 floors!
  7384 | D:12     | Noticed a cyclops
  7423 | D:12     | Killed a cyclops
  7448 | D:12     | Reached XP level 11. HP: 100/100 MP: 10/10
  7573 | D:12     | Noticed a cyan ugly thing
  7575 | D:12     | Found a sparkling altar of Nemelex Xobeh.
  7589 | D:12     | Killed a cyan ugly thing
  7614 | D:12     | Reached skill level 12 in Unarmed Combat
  7642 | D:12     | Noticed a centaur warrior
  7647 | D:12     | Noticed a boulder beetle
  7649 | D:12     | Noticed a deep elf pyromancer
  7654 | D:12     | Killed a deep elf pyromancer
  7673 | D:12     | Killed a boulder beetle
  7674 | D:12     | Killed a centaur warrior
  7696 | D:12     | Got the Papyrus of Displacement and the Blaze
  7804 | D:10     | Entered Level 10 of the Dungeon
  7944 | D:9      | Reached skill level 13 in Unarmed Combat
  8163 | D:9      | Reached *** piety under Dithmenos
  8287 | D:9      | Found a hazy altar of Hepliaklqana.
  8289 | D:9      | Found a faded altar of an unknown god.
  8386 | D:10     | Identified the +0 buckler of Buokkel {rN+++ Will++ Dex-2
                  | Slay-2}
  8422 | D:10     | Found a staircase to the Lair.
  8498 | D:10     | Reached skill level 1 in Maces & Flails
  8498 | D:10     | Reached XP level 12. HP: 92/109 MP: 11/11
  8654 | D:10     | Identified the +1 flail of the Fox {vamp, rC+}
  8918 | D:11     | Found a transporter.
  8999 | D:11     | Noticed a two-headed ogre
  9006 | D:11     | Killed a two-headed ogre
  9007 | D:11     | Reached skill level 14 in Unarmed Combat
  9061 | D:11     | Found a transporter.
  9068 | D:11     | Found a transporter.
  9155 | D:11     | Noticed a four-headed hydra
  9183 | D:11     | Killed a four-headed hydra
  9199 | D:11     | Reached **** piety under Dithmenos
  9269 | D:11     | Noticed a two-headed ogre
  9278 | D:11     | Killed a two-headed ogre
  9302 | D:11     | Found a staircase to the Orcish Mines.
  9357 | D:11     | Identified the +1 robe "Wemp" {rCorr}
  9438 | D:11     | Found a transporter.
  9682 | D:12     | Noticed a six-headed hydra
  9710 | D:12     | Killed a six-headed hydra
  9995 | D:13     | Noticed a four-headed hydra
 10022 | D:13     | Killed a four-headed hydra
 10198 | D:13     | Reached skill level 5 in Fighting
 10198 | D:13     | Reached skill level 5 in Armour
 10262 | D:13     | Found a gate to the Vaults.
 10749 | D:12     | Noticed a centaur warrior
 10771 | D:12     | Killed a centaur warrior
 10819 | Orc:1    | Entered Level 1 of the Orcish Mines
 10849 | Orc:1    | Noticed an orc high priest
 10856 | Orc:1    | Paralysed by a chaos spawn for 5 turns
 10857 | Orc:1    | Reached XP level 13. HP: 94/116 MP: 12/12
 10865 | Orc:1    | HP: 2/116 [sixfirhy[an orc high priest] (10)]
 10865 | Orc:1    | Mangled by a troll

Illustrated notes

Levels and vault maps discovered:
D:1:      zelgadis_glass_arrival_small, layout_basic, serial_shops, shop,
          chequers_mini_garden
D:2:      layout_basic, basic_ecumenical_altar, basic_altar, minmay_hexomino_c4
D:3:      cheibrodos_pilgrimage, layout_loops_corners,
          mainiacjoe_overflow_concentric_impassable,
          gammafunk_temple_overflow_elements, nicolae_eternal_life,
          mrwooster_statue_mirror, chequers_serial_rivers_micro_a,
          minmay_quantized, uniq_ijyb, uniq_natasha, uniq_robin
D:4:      layout_loops_ring, lightli_temple_of_fire, serial_shops,
          nicolae_shop_competitors_out_of_business, kennysheep_crisscross,
          goddamned_bats, uniq_duvessa
D:5:      layout_basic, st_stairs_13, minmay_ruined_shrine
D:6:      minmay_inner_zag, layout_gridville, minmay_overflow_temple_hex
D:7:      layout_loops_ring, yredelemnul_altar_generic,
          minmay_temple_entry_glass
D:8:      layout_rooms, nicolae_uskayaw_en_pointe, nicolae_wu_jian_wuxing_cycle,
          serial_aquarium, aquarium_bridge_square [aquarium_subvault_balcony,
          aquarium_subvault_bridge, aquarium_subvault_balcony,
          aquarium_subvault_window], aquarium_bridge_straight
          [aquarium_subvault_bridge, aquarium_subvault_wall,
          aquarium_subvault_bridge, aquarium_subvault_window],
          aquarium_window_corner, aquarium_window_1, aquarium_view_2c,
          aquarium_pool_side, enter_bailey_5
D:9:      layout_loops_ring, grunt_qazlal_sundering,
          beargit_hepliaklqana_dungeon_heroes, kb_lookout_dungeons_type
D:10:     layout_basic, david_lair_generic, evilmike_butchery
D:11:     layout_irregular_city, orc_0_dummy, minmay_holes,
          nicolae_transporter_intersection
D:12:     minmay_ambush_box, layout_rooms, nemelex_xobeh_ov_fountains_minmay
D:13:     layout_irregular_city, erik_vaults_1
Temple:   corrupted_temple
Orc:1:    layout_diamond_mine, basic_altar

Skill      XL: |  1  2  3  4  5  6  7  8  9 10 11 12 |
---------------+-------------------------------------+-----
Shields        | 3 4 5 6 7 8 9 |  9.7
Unarmed Combat | 3 4 5 6 7 10 11 13 14 | 14.4
Dodging        | 3 4 5 6 7 8 |  8.0
Armour         | 2 3 4 5 |  5.0
Fighting       | 3 4 5 |  5.2
Stealth        | 1 |  1.5
Maces & Flails | 1 4 |  4.8
Throwing       | |  0.1

Action                   |  1- 3 |  4- 6 |  7- 9 | 10-12 | 13-15 || total
-------------------------+-------+-------+-------+-------+-------++-------
Melee: Unarmed           |   113 |   149 |   328 |   568 |       ||  1158
       Flail             |       |       |       |    37 |       ||    37
Throw: Large rock        |       |       |       |     3 |       ||     3
  Use: Scroll            |       |    10 |    12 |     6 |     1 ||    29
       Potion            |       |     3 |       |     5 |     3 ||    11
 Stab: Sleeping          |       |     1 |     1 |     3 |       ||     5
Armor: Robe              |    40 |    25 |    13 |       |       ||    78
       Troll leather arm |       |       |   179 |   266 |    20 ||   465
Dodge: Dodged            |    38 |    34 |   164 |   461 |     9 ||   706
Block: Kite shield       |    42 |    40 |   168 |   357 |     6 ||   613
